 Dungeon Crawl Stone Soup version 0.31.0-11-ge490571c62 (webtiles) character file.

Game seed: 4225740502986987283

7817 monsoonserge the Basher (level 11, -13/86 HPs)
             Began as a Gnoll Reaver on Jan 31, 2024.
             Was a High Priest of Lugonu.
             Mangled by a komodo dragon (19 damage)
             ... on level 1 of the Lair of Beasts.
             The game lasted 00:31:36 (9041 turns).

monsoonserge the Basher (Gnoll Reaver)              Turns: 9041, Time: 00:31:36

Health: -13/86     AC: 23    Str: 20    XL:     11   Next: 21%
Magic:  19/23      EV:  7    Int: 17    God:    Lugonu [*****.]
Gold:   470        SH: 13    Dex: 10    Spells: 25/26 levels left

rFire   + . .        I - +7 Throatcutter {drain, coup de grace}
rCold   . . .        d - +0 tower shield
rNeg    . . .        M - +10 chain mail of Iqogac {Fly rF+}
rPois   .            (no helmet)
rElec   .            o - +0 cloak
rCorr   .            (no gloves)
SInv    .            w - +1 pair of boots
Will    .....        (no amulet) Stlth
                     i - +6 ring of strength
HPRegen 0.34/turn    (no ring)
MPRegen 0.18/turn

%: no passive effects
@: flying
A: fangs 1, strong nose, distributed training, clever 1, sense surroundings 1,
inability to drink after injury 1
a: Renounce Religion, Depart the Abyss, Banish, Corrupt, Enter the Abyss


You were on level 1 of the Lair of Beasts.
You worshipped Lugonu.
Lugonu was extremely pleased with you.
You visited 3 branches of the dungeon, and saw 10 of its levels.
You also visited: Ossuary.

You collected 470 gold pieces.

Inventory:

Hand Weapons
 a - a +0 mace
 v - a +2 vampiric whip
 F - a +0 flail
 I - the +7 Throatcutter (weapon) {drain, coup de grace}
   (You found it on level 5 of the Dungeon)
Missiles
 j - 9 javelins
 l - 6 boomerangs
 G - 6 curare-tipped darts
 H - 48 poisoned darts (quivered)
Armour
 d - a +0 tower shield (worn)
 o - a +0 cloak (worn)
 w - a +1 pair of boots (worn)
 M - the +10 chain mail of Iqogac (worn) {Fly rF+}
   (You found it on level 7 of the Dungeon)

   rF+:       It protects you from fire.
   Fly:       It grants you flight.
Jewellery
 i - a +6 ring of strength (left hand)
Wands
 b - a wand of light (10)
 u - a wand of roots (34)
 D - a wand of flame (28)
 J - a wand of mindburst (11)
 L - a wand of digging (7)
Scrolls
 e - 3 scrolls of vulnerability {unknown}
 f - 5 scrolls of poison {unknown}
 g - 2 scrolls of revelation {unknown}
 m - 2 scrolls of enchant armour {unknown}
 n - 4 scrolls of amnesia {unknown}
 p - a scroll of acquirement {unknown}
 s - 5 scrolls of identify {unknown}
 y - 2 scrolls of noise {unknown}
 B - 3 scrolls of fog {unknown}
 K - a scroll of teleportation {unknown}
 O - a scroll of immolation {unknown}
Potions
 c - 3 potions of mutation
 h - 4 potions of degeneration
 k - 2 potions of brilliance {unknown}
 q - 3 potions of enlightenment {unknown}
 r - 3 potions of haste
 t - 5 potions of curing
 x - 2 potions of berserk rage {unknown}
 z - a potion of resistance {unknown}
 A - 3 potions of heal wounds {unknown}
 C - a potion of cancellation {unknown}
 E - a potion of attraction {unknown}
 N - a potion of lignification {unknown}


   Skills:
 + Level 7.9 Fighting
 + Level 6.3 Short Blades
 + Level 6.3 Long Blades
 + Level 6.3 Axes
 + Level 9.2 Maces & Flails
 + Level 6.3 Polearms
 + Level 6.3 Staves
 + Level 6.3 Ranged Weapons
 + Level 6.3 Throwing
 + Level 6.3 Armour
 + Level 7.9 Dodging
 + Level 6.3 Stealth
 + Level 6.3 Shields
 + Level 6.3 Unarmed Combat
 + Level 8.1 Spellcasting
 + Level 7.6 Conjurations
 + Level 5.2 Hexes
 + Level 5.2 Summonings
 + Level 5.2 Necromancy
 + Level 5.2 Translocations
 + Level 5.2 Fire Magic
 + Level 5.2 Ice Magic
 + Level 5.2 Air Magic
 + Level 5.2 Earth Magic
 + Level 5.2 Alchemy
 + Level 6.9 Invocations
 + Level 6.3 Evocations
 + Level 5.7 Shapeshifting


You had 25 spell levels left.
You knew the following spells:

 Your Spells              Type           Power      Damage    Failure   Level
a - Kiss of Death         Conj/Necr      100%       2d13      30%         1

Your spell library contained the following spells:

 Spells                   Type           Power      Damage    Failure   Level
 Sting                    Conj/Alch      100%       1d9       30%         1
 Momentum Strike          Conj/Tloc      56%        3d9       41%         2
 Apportation              Tloc           48%        N/A       43%         1
 Necrotise                Necr           96%        1d8       43%         1
 Summon Small Mammal      Summ           96%        N/A       43%         1
 Call Imp                 Summ           48%        N/A       58%         2
 Sublimation of Blood     Necr           24%        N/A       58%         2
 Hailstorm                Conj/Ice       28%        3d8       65%         3
 Fugue of the Fallen      Necr           24%        N/A       82%         3
 Ozocubu's Armour         Ice            24%        N/A       82%         3
 Vampiric Draining        Necr           24%        2d7       82%         3
 Manifold Assault         Tloc           24%        N/A       99%         4
 Martyr's Knell           Necr/Summ      24%        N/A       99%         4
 Alistair's Intoxication  Alch           16%        N/A       100%        5
 Borgnjor's Vile Clutch   Necr/Erth      12%        N/A       100%        5
 Curse of Agony           Necr           24%        N/A       100%        5
 Dispersal                Tloc           12%        N/A       100%        6
 Eringya's Noxious Bog    Alch           12%        4d6       100%        6
 Summon Hydra             Summ           12%        N/A       100%        7
 Disjunction              Tloc           12%        N/A       100%        8


Dungeon Overview and Level Annotations

Branches:
Dungeon (8/15)             Temple (1/1) D:5            Lair (1/5) D:8
Ossuary (visited)

Altars:
Ashenzari
Dithmenos
Elyvilon
Gozag
Hepliaklqana
Kikubaaqudgha
Makhleb
Nemelex Xobeh
Okawaru
Qazlal
Ru
Trog
Vehumet
Wu Jian
Xom
Yredelemnul
Zin
The Shining One
Lugonu


Innate Abilities, Weirdness & Mutations

You have very sharp teeth.
Your uncanny sense of smell can sniff out nearby items.
Your experience applies equally to all skills.
Your mind is acute. (Int +4, Str/Dex -1)
You passively map a small area around you.
You occasionally lose the ability to drink potions when taking damage.


Message History

The blink frog is severely wounded.
You block the blink frog's attack. x2
The blink frog hits you but does no damage.
You block the cane toad's attack.
The bullfrog releases a deep croak.
You block the bullfrog's attack.
The blink frog blinks!
The blink frog hits you but does no damage.
The blink frog hits you. The cane toad closely misses you.
The bullfrog hits you but does no damage.
You miss the blink frog. Your bite misses the blink frog.
The blink frog hits you but does no damage.
You block the blink frog's attack.
The bullfrog hits you but does no damage.
You block the cane toad's attack.
The blink frog hits you but does no damage.
The blink frog blinks!
The bullfrog hits you.
You hit the bullfrog. You drain the bullfrog.
You bite the bullfrog, but do no damage.
The bullfrog is lightly wounded.
The blink frog hits you but does no damage.
You block the cane toad's attack.
The bullfrog hits you but does no damage.
You block the blink frog's attack. The cane toad stings you!
The bullfrog hits you but does no damage.
Press: ? - help, Shift-Dir - straight line, f - cane toad
Aim: a cane toad (chance to affect: 83%)
The cane toad is devoured by a tear in reality.
Lugonu claims a new guest.
You block the blink frog's attack. You block the bullfrog's attack.
The blink frog blinks!
The blink frog completely misses you.
Unknown command.
You hit the bullfrog. You drain the bullfrog. Your bite misses the bullfrog.
The bullfrog is heavily wounded.
The bullfrog completely misses you. The blink frog hits you!
* * * LOW HITPOINT WARNING * * *
The blink frog hits you!
* * * LOW HITPOINT WARNING * * *
The blink frog blinks!
You block the bullfrog's attack. You block the blink frog's attack.
The komodo dragon bites you!!
You die...

........................
........................
........................
........................
........................
..........F.........F...
.............>..........
,
..<............F§.§.....
,
........!......§@§§.....
†...............Fl§.....
,
........................
..#P########.###........
, ..### ## #.....(..
..#* #........ ...
......... , ..#*
*#........ , ..#


You could see a komodo dragon, 3 blink frogs and a bullfrog (very drained).

Vanquished Creatures
  A two-headed ogre (D:7)
  The ghost of Swimmer the Covered, a novice MiBe of Trog (D:5)
  Pikel (D:7)
  Joseph (D:7)
  A cane toad (Lair:1)
  Jeremiah (D:8)
  6 yaks
  A wyvern (D:5)
  A fire bat (D:6)
  Menkaure (D:7)
  2 water moccasins
  7 orc warriors
  A black bear (D:4)
  2 wolves (D:8)
  A phantom (D:5)
  11 kobold brigands
  A weeping skull (Ossuary)
  2 bullfrogs
  2 elf skeletons (D:4)
  7 scorpions
  2 wights (Ossuary)
  2 bombardier beetles
  5 hounds
  2 centaur skeletons (Ossuary)
  2 spectral scorpions (Ossuary)
  A jelly (D:6)
  3 orc priests
  A sleepcap (D:8)
  3 iguanas
  9 orc wizards
  8 mummies (Ossuary)
  4 gnolls
  7 adders
  A shadow imp (D:7)
  2 ufetubi (D:5)
  5 dart slugs
  A ribbon worm (D:2)
  47 orcs
  4 endoplasms
  A giant cockroach (D:2)
  5 goblins
  9 hobgoblins
  15 kobolds
  2 quokkas
  2 ball pythons
  5 bats
  6 frilled lizards
  5 gnoll skeletons (Ossuary)
  A kobold skeleton (Ossuary)
  2 orc skeletons (D:4)
  2 orc zombies (D:4)
  4 rats
  10 spectral rats (Ossuary)
229 creatures vanquished.

Notes
Turn   | Place    | Note
-------+----------+-------------------------------------------
     0 | D:1      | monsoonserge the Gnoll Reaver began the quest for the Orb.
     0 | D:1      | Reached XP level 1. HP: 20/20 MP: 6/6
   161 | D:1      | Reached XP level 2. HP: 26/26 MP: 7/7
   445 | D:1      | Found a faded altar of an unknown god.
   453 | D:1      | Prayed at the altar of an unknown god.
   453 | D:1      | Became a worshipper of Lugonu the Unformed
   453 | D:1      | Reached * piety under Lugonu
   847 | D:2      | Reached skill level 5 in Spellcasting
   847 | D:2      | Reached XP level 3. HP: 31/31 MP: 7/9
   951 | D:2      | Found a white marble altar of Elyvilon.
  1273 | D:2      | Reached skill level 1 in Invocations
  1697 | D:2      | Reached skill level 1 in Short Blades
  1697 | D:2      | Reached skill level 1 in Long Blades
  1697 | D:2      | Reached skill level 1 in Axes
  1697 | D:2      | Reached skill level 1 in Polearms
  1697 | D:2      | Reached skill level 1 in Staves
  1697 | D:2      | Reached skill level 1 in Ranged Weapons
  1697 | D:2      | Reached skill level 1 in Throwing
  1697 | D:2      | Reached skill level 1 in Armour
  1697 | D:2      | Reached skill level 1 in Stealth
  1697 | D:2      | Reached skill level 1 in Shields
  1697 | D:2      | Reached skill level 1 in Unarmed Combat
  1697 | D:2      | Reached skill level 1 in Evocations
  2064 | D:3      | Found a white marble altar of Elyvilon.
  2152 | D:3      | Reached ** piety under Lugonu
  2306 | D:3      | Reached skill level 1 in Shapeshifting
  2306 | D:3      | Reached XP level 4. HP: 36/38 MP: 11/11
  2325 | D:3      | Found a stormy altar of Qazlal.
  2334 | D:3      | Found a broken altar of Ashenzari.
  2806 | D:4      | Noticed a scorpion
  2814 | D:4      | Killed a scorpion
  2815 | D:4      | Reached skill level 1 in Hexes
  2815 | D:4      | Reached skill level 1 in Summonings
  2815 | D:4      | Reached skill level 1 in Necromancy
  2815 | D:4      | Reached skill level 1 in Translocations
  2815 | D:4      | Reached skill level 1 in Fire Magic
  2815 | D:4      | Reached skill level 1 in Ice Magic
  2815 | D:4      | Reached skill level 1 in Air Magic
  2815 | D:4      | Reached skill level 1 in Earth Magic
  2815 | D:4      | Reached skill level 1 in Alchemy
  2815 | D:4      | Reached XP level 5. HP: 43/43 MP: 12/12
  2900 | D:4      | Found a burning altar of Makhleb.
  2972 | D:4      | Found a sand-covered staircase.
  2981 | Ossuary  | Entered an ossuary
  3045 | Ossuary  | Reached XP level 6. HP: 33/50 MP: 13/13
  3061 | Ossuary  | Reached skill level 5 in Fighting
  3061 | Ossuary  | Reached skill level 5 in Dodging
  3402 | Ossuary  | Reached XP level 7. HP: 44/56 MP: 15/15
  3459 | Ossuary  | Reached skill level 7 in Maces & Flails
  3525 | Ossuary  | Reached *** piety under Lugonu
  3817 | D:4      | Found a glowing golden altar of the Shining One.
  3819 | D:4      | Noticed an angel
  3829 | D:4      | Found a basalt altar of Yredelemnul.
  3831 | D:4      | Noticed a profane servitor
  4185 | D:5      | Entered Level 5 of the Dungeon
  4213 | D:5      | Found a runed translucent door.
  4216 | D:5      | Noticed Swimmer's ghost (novice MiBe)
  4269 | D:5      | Reached XP level 8. HP: 49/63 MP: 16/16
  4509 | D:5      | Noticed a wyvern
  4537 | D:5      | Killed a wyvern
  4658 | D:5      | Found a staircase to the Ecumenical Temple.
  4665 | Temple   | Entered the Ecumenical Temple
  4995 | D:5      | Found the +7 Throatcutter {drain, coup de grace}
  5095 | D:5      | Reached XP level 9. HP: 54/69 MP: 18/18
  5700 | D:6      | Found an iron altar of Okawaru.
  5729 | D:6      | Reached **** piety under Lugonu
  5771 | D:6      | Found a sacrificial altar of Ru.
  5963 | D:6      | Found a shimmering altar of Xom.
  5969 | D:6      | Reached skill level 8 in Maces & Flails
  6121 | D:7      | Reached skill level 5 in Invocations
  6157 | D:7      | Identified the +10 chain mail of Iqogac {Fly rF+}
  6189 | D:7      | Noticed Joseph
  6200 | D:7      | Killed Joseph
  6367 | D:7      | Noticed Menkaure
  6374 | D:7      | Killed Menkaure
  6512 | D:7      | Identified the +1 long sword of Faemobus {drain, rElec
                  | rPois Str+2}
  6514 | D:7      | Noticed a two-headed ogre
  6526 | D:7      | Gained mutation: You passively map a small area around you.
                  | [potion of mutation]
  6526 | D:7      | Gained mutation: You occasionally lose the ability to drink
                  | potions when taking damage. [potion of mutation]
  6526 | D:7      | Gained mutation: Your mind is acute. (Int +4, Str/Dex -1)
                  | [potion of mutation]
  6769 | D:7      | Killed a two-headed ogre
  6770 | D:7      | Reached skill level 5 in Short Blades
  6770 | D:7      | Reached skill level 5 in Long Blades
  6770 | D:7      | Reached skill level 5 in Axes
  6770 | D:7      | Reached skill level 5 in Polearms
  6770 | D:7      | Reached skill level 5 in Staves
  6770 | D:7      | Reached skill level 5 in Ranged Weapons
  6770 | D:7      | Reached skill level 5 in Throwing
  6770 | D:7      | Reached skill level 5 in Armour
  6770 | D:7      | Reached skill level 5 in Stealth
  6770 | D:7      | Reached skill level 5 in Shields
  6770 | D:7      | Reached skill level 5 in Unarmed Combat
  6770 | D:7      | Reached skill level 5 in Evocations
  6770 | D:7      | Reached XP level 10. HP: 48/79 MP: 20/20
  6958 | D:7      | Noticed Pikel
  6967 | D:7      | Killed Pikel
  7120 | D:7      | Found an opulent altar of Gozag.
  7401 | D:7      | Found a runed translucent door.
  7421 | D:7      | Found a runed translucent door.
  7678 | D:7      | Found a runed translucent gate.
  7678 | D:7      | Found a runed translucent door.
  7679 | D:7      | Found a runed translucent gate.
  7679 | D:7      | Found a runed translucent door.
  7679 | D:7      | Found a runed translucent gate.
  7839 | D:5      | Killed Swimmer's ghost
  7840 | D:5      | Reached skill level 5 in Shapeshifting
  8351 | D:8      | Identified the +5 leather armour of the Six Beasts {Harm
                  | rN+}
  8464 | D:8      | Found a shadowy altar of Dithmenos.
  8484 | D:8      | Noticed Jeremiah
  8531 | D:8      | Killed Jeremiah
  8532 | D:8      | Reached skill level 9 in Maces & Flails
  8681 | D:8      | Reached skill level 5 in Hexes
  8681 | D:8      | Reached skill level 5 in Summonings
  8681 | D:8      | Reached skill level 5 in Necromancy
  8681 | D:8      | Reached skill level 5 in Translocations
  8681 | D:8      | Reached skill level 5 in Fire Magic
  8681 | D:8      | Reached skill level 5 in Ice Magic
  8681 | D:8      | Reached skill level 5 in Air Magic
  8681 | D:8      | Reached skill level 5 in Earth Magic
  8681 | D:8      | Reached skill level 5 in Alchemy
  8693 | D:8      | Reached XP level 11. HP: 79/85 MP: 22/22
  8842 | D:8      | Identified the +6 scale mail "Igiuphoi" {-Cast rC++ Regen+
                  | rCorr}
  8849 | D:8      | Reached ***** piety under Lugonu
  8965 | D:8      | Found a staircase to the Lair.
  8997 | Lair:1   | Entered Level 1 of the Lair of Beasts
  9041 | Lair:1   | Mangled by a komodo dragon

Illustrated notes

Levels and vault maps discovered:
D:1:      dpeg_arrival_radiant, layout_basic, hellmonk_ecumenical_altar_zigzags
D:2:      layout_basic, basic_altar
D:3:      layout_loops_cross, elyvilon_altar_5,
          mainiacjoe_overflow_large_starburst
D:4:      layout_gridville, grunt_temple_overflow_holy_war,
          overflow_temple_1_default, nicolae_ossuary_entry_catacombs
D:5:      layout_basic, minmay_temple_entry_steel_oval,
          ebering_ghost_reflecting_pool, dilly_guarded_unrand_throatcut
D:6:      layout_rooms, okawaru_trees_2, nicolae_ru_awakened_eye,
          regret_index_xom_of_box
D:7:      layout_basic, kennysheep_mini, lightli_church_of_beogh, uniq_joseph,
          uniq_menkaure, uniq_pikel
D:8:      layout_layer_cave, mainiacjoe_overflow_surrounded_room,
          erik_lair_orcish_takeover, special_room [special_room_orc],
          uniq_jeremiah
Temple:   corrupted_temple
Lair:1:   layout_long_grid

Skill      XL: |  1  2  3  4  5  6  7  8  9 10 11 |
---------------+----------------------------------+-----
Spellcasting   | 5 6 7 8 |  8.1
Invocations    | 1 2 3 4 5 6 |  6.9
Short Blades   | 1 2 3 5 6 |  6.3
Long Blades    | 1 2 3 5 6 |  6.3
Axes           | 1 2 3 5 6 |  6.3
Polearms       | 1 2 3 5 6 |  6.3
Staves         | 1 2 3 5 6 |  6.3
Ranged Weapons | 1 2 3 5 6 |  6.3
Throwing       | 1 2 3 5 6 |  6.3
Armour         | 1 2 3 5 6 |  6.3
Stealth        | 1 2 3 5 6 |  6.3
Shields        | 1 2 3 5 6 |  6.3
Unarmed Combat | 1 2 3 5 6 |  6.3
Evocations     | 1 2 3 5 6 |  6.3
Shapeshifting  | 1 2 3 4 5 |  5.7
Hexes          | 1 2 3 4 5 |  5.2
Summonings     | 1 2 3 4 5 |  5.2
Necromancy     | 1 2 3 4 5 |  5.2
Translocations | 1 2 3 4 5 |  5.2
Fire Magic     | 1 2 3 4 5 |  5.2
Ice Magic      | 1 2 3 4 5 |  5.2
Air Magic      | 1 2 3 4 5 |  5.2
Earth Magic    | 1 2 3 4 5 |  5.2
Alchemy        | 1 2 3 4 5 |  5.2
Fighting       | 5 6 7 |  7.9
Dodging        | 5 6 7 |  7.9
Maces & Flails | 7 8 9 |  9.2
Conjurations   | 6 7 |  7.6

Action                     |  1- 3 |  4- 6 |  7- 9 | 10-12 || total
---------------------------+-------+-------+-------+-------++-------
  Melee: Mace              |   117 |     2 |       |       ||   119
         Bite              |     8 |    22 |    44 |    16 ||    90
         Punch             |     1 |    11 |     8 |       ||    20
         Whip              |       |   157 |   316 |       ||   473
         Long sword        |       |       |    84 |   260 ||   344
  Throw: Boomerang         |       |     2 |     7 |       ||     9
         Javelin           |       |     3 |     1 |       ||     4
         Dart              |       |       |     4 |     3 ||     7
 Invoke: Banish            |       |       |       |     1 ||     1
    Use: Potion            |       |       |     3 |     1 ||     4
 Armour: Leather armour    |    34 |       |       |       ||    34
         Scale mail        |     9 |    52 |   202 |       ||   263
         Chain mail        |       |       |    15 |   208 ||   223
  Dodge: Dodged            |    79 |    62 |   175 |    51 ||   367
  Block: Tower shield      |       |       |    24 |   192 ||   216
